 Dungeon Crawl Stone Soup version 0.22-a0-284-g99d1f74 (webtiles) character file.

67 grindst0ne the Cutter (level 4, -7/29 HPs)
             Began as a Kobold Berserker on Mar 21, 2018.
             Was a Believer of Trog.
             Mangled by an iguana (9 damage)
             ... on level 2 of the Dungeon.
             The game lasted 00:03:02 (1794 turns).

grindst0ne the Cutter (Kobold Berserker)            Turns: 1794, Time: 00:03:03

Health: -7/29      AC:  8    Str: 14    XL:     4   Next: 40%
Magic:  0/4        EV:  9    Int:  6    God:    Trog [**....]
Gold:   121        SH:  0    Dex: 14    Spells: 3/3 levels left

rFire    . . .     SeeInvis .   a - +0 short sword
rCold    . . .     Gourm    .   (shield restricted)
rNeg     . . .     Faith    .   m - +0 chain mail
rPois    .         Spirit   +   (no helmet)
rElec    .         Reflect  .   e - scarf {Spirit}
rCorr    .         Harm     .   (no gloves)
MR       .....                  (no boots)
Stlth    ..........             (no amulet)
HPRegen  0.09/turn              g - -3 ring of intelligence (curse)
MPRegen  0.09/turn              (no ring)

@: no status effects
A: small, carnivore
a: Berserk, Trog's Hand, Renounce Religion


You were on level 2 of the Dungeon.
You worshipped Trog.
Trog was pleased with you.
You were completely stuffed.

You visited 1 branch of the dungeon, and saw 2 of its levels.

You collected 121 gold pieces.

Inventory:

Hand Weapons
 a - a +0 short sword (weapon)
Armour
 b - a +0 animal skin
 e - a scarf of spirit shield (worn)
 m - a +0 chain mail (worn)
Jewellery
 g - a cursed -3 ring of intelligence (left hand)
 i - a +2 amulet of reflection {unknown}
Scrolls
 f - 2 scrolls of blinking {unknown}
 h - 2 scrolls of magic mapping {unknown}
 j - a scroll of enchant armour {unknown}
 n - a scroll of identify {unknown}
Potions
 d - a potion of heal wounds {unknown}
 k - a potion of cancellation {unknown}
 l - a potion of agility {unknown}
Comestibles
 c - a ration


   Skills:
 + Level 4.1 Fighting
 + Level 5.0 Short Blades
 - Level 1.5 Armour
 + Level 3.5 Dodging


You had 3 spell levels left.
You didn't know any spells.

Dungeon Overview and Level Annotations

Branches:
Dungeon (2/15)

Altars:


Innate Abilities, Weirdness & Mutations

You are small and have problems with some larger weapons.
You are carnivorous and can eat meat at any time.


Message History

The iguana is lightly wounded.
The iguana bites you but does no damage.
You hit the iguana but do no damage.
The iguana is lightly wounded.
The iguana bites you but does no damage.
You hit the iguana but do no damage.
The iguana is lightly wounded.
The iguana bites you!
* * * LOW HITPOINT WARNING * * *
You hit the iguana.
The iguana is moderately wounded.
The iguana bites you!
* * * LOW HITPOINT WARNING * * *
You closely miss the iguana.
The iguana is moderately wounded.
The iguana closely misses you.
You hit the iguana.
The iguana is severely wounded.
The iguana bites you!
You die...

.......#.................#
#.....
......('.................#
#.....
.......#........##'#+#####
#.....
######.#######.##........#
######
#.#.......##........#
#.#.########.......[# #..
......##........# ...
................# .##
......l@?.......#
.......†........#
........######## ........#
........# ........#
.....!..# ......!.#


You could see an iguana.

Vanquished Creatures
  An adder (D:2)
  An ooze (D:1)
  A worm (D:2)
  2 dart slugs
  A leopard gecko (D:2)
  A ball python (D:1)
  5 bats
  3 giant cockroaches
  5 goblins
  6 hobgoblins
  9 kobolds
  3 frilled lizards
  7 rats
45 creatures vanquished.

Notes
Turn   | Place    | Note
-------+----------+-------------------------------------------
     0 | D:1      | grindst0ne the Kobold Berserker began the quest for the Orb.
     0 | D:1      | Reached XP level 1. HP: 14/14 MP: 1/1
   238 | D:1      | Reached XP level 2. HP: 19/19 MP: 2/2
   640 | D:1      | Reached XP level 3. HP: 11/24 MP: 1/3
   935 | D:1      | Reached ** piety under Trog
  1406 | D:2      | Reached XP level 4. HP: 16/29 MP: 4/4
  1717 | D:2      | Reached skill level 5 in Short Blades
  1794 | D:2      | Mangled by an iguana

Vault maps used:
D:1:      ncdulo_watergridlock

Skill      XL: |  1  2  3  4 |
---------------+-------------+-----
Dodging        | 3 |  3.5
Fighting       | 4 |  4.1
Short Blades   | 5 |  5.0
Armour         | |  1.5

Action                   |  1- 3 |  4- 6 || total
-------------------------+-------+-------++-------
Melee: Short sword       |   141 |    36 ||   177
Invok: Berserk           |     1 |     1 ||     2
  Eat: Chunk             |    10 |     3 ||    13
Armor: Animal skin       |    11 |       ||    11
       Chain mail        |    24 |    13 ||    37
Dodge: Dodged            |    92 |    10 ||   102

Table legend:
 A = Spawn XP
 B = Non-spawn XP
 C = Spawn XP percentage of total XP
 D = Spawn monster count
 E = Non-spawn monster count
 F = Spawn count percentage of total count
 G = Total turns spent on level
                    A         B        C        D         E        F      G
               +---------+---------+-------+---------+---------+-------+---------
         Total |       0 |      97 |   0.0 |       0 |      45 |   0.0 |  1794
               +---------+---------+-------+---------+---------+-------+---------
           D:1 |       0 |      58 |   0.0 |       0 |      32 |   0.0 |  1350
           D:2 |       0 |      39 |   0.0 |       0 |      13 |   0.0 |   444
               +---------+---------+-------+---------+---------+-------+---------
